Map: Dragon Scales LE

Players

A.I. 1 (Medium) - Winner!

  • Race: Protoss Protoss
  • Spawn Location: 11:00

AiurTC

  • Race: Protoss Protoss
  • League: Diamond
  • Spawn Location: 5:00

VOD

Have the link to the VOD?

Description

Time

  • Played on: June 2, 2023, 9:28 a.m.
  • Length: 9:05
Show
View Real Time Build Order
Export as new Build Order

A.I. 1 (Medium) Protoss - Winner!

Build Orders: 1 Gate Expand 

Get SALT Encoding   

  12  0:00  Probe  
  13  0:13  Probe  
  14  0:19  Pylon  
  14  0:25  Probe  
  15  0:33  Probe  
  15  0:41  Probe  
  16  0:49  Gateway  
  17  1:08  Probe  
  17  1:09  Nexus  
  18  1:28  Pylon  
  18  1:31  Assimilator  
  18  1:39  Zealot  
  20  1:41  Cybernetics Core  
  20  1:42  Probe  
  21  1:54  Probe  
  22  2:05  Gateway, Probe  
  23  2:13  Assimilator  
  23  2:17  Probe  
  23  2:18  Stalker  
  23  2:20  Pylon  
  26  2:30  Probe  
  26  2:36  Warp Gate  
  27  2:43  Probe  
  28  2:48  Adept x2  
  32  3:02  Assimilator  
  32  3:18  Stalker  
  34  3:22  Assimilator  
  34  3:24  Probe  
  35  3:30  Probe  
  35  3:31  Stalker  
  38  3:36  Probe  
  39  3:42  Probe  
  40  3:49  Probe  
  40  3:50  Sentry  
  40  3:54  Probe  
  44  3:59  Pylon  
  44  4:01  Probe  
  45  4:05  Probe  
  45  4:08  Zealot  
  48  4:13  Probe x2  
  49  4:22  Probe  
  50  4:25  Probe  
  50  4:27  Zealot  
  52  4:34  Probe  
  52  4:37  Probe  
  40  4:46  Zealot, Probe  
  40  4:49  Probe  
  40  4:58  Probe  
  35  5:01  Probe  
  35  5:04  Stalker  
  35  5:10  Probe  
  35  5:11  Probe  
  37  5:20  Probe  
  37  5:22  Probe  
  37  5:23  Stalker  
  41  5:28  Probe  
  41  5:34  Probe  
  43  5:36  Probe  
  44  5:46  Stalker, Probe  
  44  5:48  Probe  
  48  5:59  Probe  
  48  6:00  Probe  
  50  6:07  Stalker  
  50  6:11  Probe  
  53  6:12  Probe  
  54  6:23  Probe  
  55  6:26  Stalker  
  55  6:32  Pylon, Probe  
  58  6:35  Probe  
  51  6:45  Probe  
  45  6:47  Probe  
  46  6:57  Zealot, Probe  
  49  7:02  Probe  
  50  7:09  Probe  
  50  7:14  Probe  
  52  7:21  Stalker, Probe  
  55  7:26  Probe  
  56  7:36  Robotics Facility  
  54  7:39  Probe  
  54  7:44  Probe  
  49  7:47  Probe  
  40  7:55  Probe  
  40  7:56  Probe  
  28  8:08  Probe  
  28  8:12  Probe  
  13  8:20  Probe  
  13  8:25  Observer  
Show
View Real Time Build Order
Export as new Build Order

AiurTC Protoss 

Build Orders:  

Get SALT Encoding   

  12  0:00  Probe  
  13  0:12  Probe  
  14  0:18  Pylon  
  14  0:24  Probe  
  15  0:37  Probe (Chrono Boost)  
  15  0:38  Gateway  
  16  0:47  Assimilator  
  16  0:48  Probe (Chrono Boost)  
  17  0:52  Probe (Chrono Boost)  
  18  1:03  Probe  
  19  1:15  Probe  
  20  1:26  Cybernetics Core  
  20  1:27  Probe  
  20  1:28  Pylon  
  21  1:38  Gateway  
  21  1:39  Probe  
  22  1:51  Probe (Chrono Boost)  
  23  1:59  Warp Gate (Chrono Boost)  
  23  2:03  Probe (Chrono Boost)  
  23  2:04  Adept  
  26  2:09  Probe (Chrono Boost)  
  27  2:20  Pylon  
  27  2:25  Adept  
  29  2:34  Nexus, Adept  
  31  2:43  Probe  
  32  2:55  Adept  
  32  2:57  Twilight Council  
  34  3:02  Probe  
  34  3:04  Adept  
  37  3:20  Probe  
  37  3:26  Assimilator  
  38  3:32  Probe  
  39  3:36  Pylon  
  39  3:45  Resonating Glaives (Chrono Boost)  
  39  3:49  Adept x2  
  43  4:04  Probe  
  43  4:07  Probe  
  45  4:16  Probe  
  46  4:19  Probe  
  46  4:20  Assimilator  
  47  4:28  Probe  
  46  4:37  Probe  
  45  4:40  Adept x2, Probe  
  42  5:09  Adept x2  
  46  5:22  Gateway  
  46  5:23  Gateway  
  46  5:26  Robotics Facility  
  46  5:27  Pylon, Probe (Chrono Boost)  
  48  5:32  Probe (Chrono Boost)  
  48  5:35  Dark Shrine  
  49  5:37  Probe (Chrono Boost)  
  49  5:40  Probe (Chrono Boost)  
  49  5:41  Assimilator  
  49  5:42  Probe (Chrono Boost)  
  50  5:48  Forge  
  50  5:49  Forge  
  51  5:51  Probe  
  51  5:52  Gateway  
  51  5:54  Adept x2, Pylon  
  56  6:02  Probe  
  56  6:03  Probe  
  58  6:05  Charge (Chrono Boost)  
  58  6:13  Immortal (Chrono Boost)  
  58  6:14  Probe  
  58  6:17  Pylon  
  63  6:18  Protoss Ground Weapons Level 1 (Chrono Boost)  
  63  6:19  Protoss Ground Armor Level 1 (Chrono Boost)  
  63  6:22  Pylon  
  63  6:26  Pylon  
  61  6:50  Immortal (Chrono Boost)  
  63  6:55  Dark Templar  
  63  6:56  Dark Templar x2  
  69  7:22  Immortal, Dark Templar  
  75  7:33  Nexus  
  75  7:36  Pylon  
  75  7:37  Pylon  
  75  7:40  Pylon  
  75  7:41  Dark Templar x2  
  79  7:45  Zealot x2  
  83  8:02  Zealot  
  85  8:07  Pylon  
  85  8:11  Pylon  
  85  8:20  Pylon  
  85  8:23  Gateway  
  85  8:25  Gateway  
  85  8:27  Gateway  
  85  8:29  Gateway  
  85  8:31  Gateway  
Tags
 
League
Diamond
Matchup
PvP
Spawn Locations
Cross Positions
Add a new tag
Caveats
  • Supply blocks, unpowered buildings, or Contaminate may cause inaccurate times.
  • Supply counts are checked every 10 seconds.